Rangers vs Islanders

Created - September 30, 2015 at 17:13

Simulating a Pre-Season

Goals
1 2 3 OT1 SO T
Rangers 0 2 1 0 0 3
Islanders 0 2 1 0 2 4
Shots
1 2 3 OT1 SO T
Rangers 15 11 9 3 2 38
Islanders 10 6 15 0 2 31

1st period

No Goal

Penalties :
Nate Thompson (NYI) for Interference (Minor) at 4:44

2nd period

1. Rangers , Jaromir Jagr 1 (Chris Tanev, Tyler Ennis) at 1:36 (PP)
2. Islanders , Andy Greene 1 (Nathan Gerbe, Erik Condra) at 7:26
3. Islanders , Nate Thompson 1 (David Legwand, Dennis Seidenberg) at 11:03
4. Rangers , Mikael Backlund 3 (Kris Russell, Zemgus Girgensons) at 12:09

Penalties :
Josh Jooris (NYI) for Tripping (Minor) at 1:04, Casey Cizikas (NYI) for Interference (Minor) at 1:37, Casey Cizikas (NYI) for Tripping (Minor) at 12:12, Josh Manson (NYI) for Interference (Minor) at 14:31

3rd period

5. Rangers , Cedric Paquette 1 (Anton Volchenkov, Sean Couturier) at 13:22
6. Islanders , Nathan Gerbe 1 (Brian Lashoff, Dan Hamhuis) at 18:17

Penalties :
Karl Alzner (NYR) for Hooking (Minor) at 0:21

Overtime #1

No Goal

Penalties :
No Penalty

Shootout

Penalty Shot by Tomas Tatar for Rangers - Stopped by Braden Holtby
Penalty Shot by Colin Wilson for Islanders - Goal!
Penalty Shot by Tyler Ennis for Rangers - Stopped by Braden Holtby
Penalty Shot by Matt Moulson for Islanders - Goal!

Penalties :
No Penalty

Goalie Stats

Brian Elliott (NYR), 28 saves from 31 shots - (0.903), OTL, 3-1-2, 65:00 minutes
Braden Holtby (NYI), 35 saves from 38 shots - (0.921), W, 1-5-0, 65:00 minutes

Players Stats for Rangers

Player Name              G  A  P  +/- PIM S  H  SB GA TA FO     MP     PP MP  PK MP  
------------------------------------------------------------------------------------
Alex Goligoski           0  0  0  -2  0   2  2  1  0  0  0/0    28:31   4:41   0:56 
Anton Volchenkov         0  1  1   1  0   0  1  1  0  0  0/0    12:38   0:00   0:56 
Benoit Pouliot           0  0  0  -1  0   4  2  0  0  0  1/1    12:56   3:51   0:00 
Brad Richards            0  0  0   0  0   0  1  0  0  0  1/1    10:33   0:00   0:00 
Cedric Paquette          1  0  1   0  0   3  2  0  0  0  3/6     7:37   0:00   0:24 
Chris Tanev              0  1  1  -2  0   1  0  1  0  0  0/0    25:04   3:47   1:03 
Craig Smith              0  0  0  -1  0   2  1  0  0  0  1/2    19:10   3:51   0:00 
David Jones              0  0  0  -1  0   0  1  0  0  0  0/0     5:01   0:00   0:00 
Eric Brewer              0  0  0   1  0   2  4  0  0  0  0/0    17:49   3:47   0:00 
Jaromir Jagr             1  0  1   1  0   2  1  0  0  0  3/5    24:55   4:37   0:00 
Karl Alzner              0  0  0   0  2   1  5  5  0  0  0/0    19:56   0:00   0:00 
Kris Russell             0  1  1   0  0   2  0  1  0  0  0/0    26:01   4:41   1:03 
Lance Bouma              0  0  0  -1  0   0  1  0  0  0  2/4     5:25   0:00   0:24 
Mikael Backlund          1  0  1   1  0   7  1  1  0  0  1/2    21:53   0:00   1:35 
Sean Couturier           0  1  1   0  0   2  0  0  0  0  11/17  12:08   0:00   1:35 
Tomas Tatar              0  0  0  -1  0   4  4  0  0  0  15/29  22:06   3:51   0:00 
Tyler Ennis              0  1  1  -1  0   3  1  1  0  0  1/4    19:56   4:37   0:00 
Zemgus Girgensons        0  1  1   1  0   3  2  0  0  0  21/44  26:21   4:37   0:00 

Players Stats for Islanders

Player Name              G  A  P  +/- PIM S  H  SB GA TA FO     MP     PP MP  PK MP  
------------------------------------------------------------------------------------
Andy Greene              1  0  1   2  0   5  0  2  0  0  0/0    27:48   1:30   5:13 
Brian Lashoff            0  1  1   1  0   2  0  0  0  0  0/0    13:24   0:00   0:00 
Casey Cizikas            0  0  0  -1  4   1  2  0  0  0  14/30  18:20   0:48   0:00 
Chris Terry              0  0  0  -1  0   0  0  0  0  0  0/1    15:56   0:00   0:00 
Colin Wilson             0  0  0   0  0   4  0  0  0  0  5/11   23:10   1:11   5:03 
Dan Hamhuis              0  1  1   1  0   1  4  1  0  0  0/0    19:19   0:29   3:15 
David Booth              0  0  0   1  0   0  0  0  0  0  0/0     7:27   0:00   0:00 
David Legwand            0  1  1   1  0   0  0  0  0  0  10/17   8:48   0:00   1:21 
Dennis Seidenberg        0  1  1   2  0   1  0  3  0  0  0/0    26:28   1:30   5:13 
Erik Condra              0  1  1   1  0   3  0  0  0  0  0/0    16:06   1:11   5:41 
Josh Jooris              0  0  0   0  2   5  2  1  0  0  14/27  19:08   1:11   0:00 
Josh Manson              0  0  0  -2  2   0  3  0  0  0  0/0    17:52   0:00   0:00 
Matt Moulson             0  0  0   0  0   3  0  0  0  0  2/2    20:29   0:48   0:00 
Nate Thompson            1  0  1   1  2   1  2  1  0  0  2/6    10:32   0:00   2:04 
Nathan Gerbe             1  1  2   1  0   2  0  0  0  0  1/2    12:39   0:00   2:47 
Niklas Hjalmarsson       0  0  0  -2  0   0  0  0  0  0  0/0    25:08   0:29   3:15 
Ryan Garbutt             0  0  0   1  0   1  1  0  0  0  7/19   12:09   0:00   0:00 
Shawn Horcoff            0  0  0  -1  0   2  1  0  0  0  0/0    16:44   0:48   0:00 

3 Stars

1 - Nathan Gerbe (NYI)
2 - Andy Greene (NYI)
3 - Mikael Backlund (NYR)

Power Play

Rangers - 1 on 5 Attempt(s) - 20.00%
Islanders - 0 on 1 Attempt(s) - 0.00%

Penalty Kill

Rangers - 1 on 1 Attempt(s) - 100.00% - Score 0 goal in Penalty Kill
Islanders - 4 on 5 Attempt(s) - 80.00% - Score 0 goal in Penalty Kill

Team Stat

Rangers - Hits : 29 - Faceoff Wins : 60 - Blocked Shots : 11 - Penalty Minutes : 2
Islanders - Hits : 15 - Faceoff Wins : 55 - Blocked Shots : 8 - Penalty Minutes : 10

Official

Referees : Kyle Rehman and Mark Lemelin
Linesman : Mark Shewchyk and Jonny Murray

Game Notes

Benoit Pouliot is injured at 11:52 of 3rd period (Right Foot)

% Time on Ice - Rangers

Lines # - Real PCT - Wanted PCT - Time Play
Normal Forward
1 - 38% - 40% - 18:40
2 - 31% - 30% - 15:19
3 - 21% - 20% - 10:33
4 - 10% - 10% - 5:01
Normal Defense
1 - 38% - 40% - 18:37
2 - 36% - 30% - 17:37
3 - 24% - 20% - 11:42
4 - 3% - 10% - 1:37
PP Forward
1 - 55% - 60% - 4:37
2 - 45% - 40% - 3:51
PP Defense
1 - 55% - 60% - 4:41
2 - 45% - 40% - 3:47
PK Forward
1 - 80% - 60% - 1:35
2 - 20% - 40% - 0:24
PK Defense
1 - 53% - 60% - 1:03
2 - 47% - 40% - 0:56
PK3 Forward
1 - 0% - 60%
2 - 0% - 40%
PK3 Defense
1 - 0% - 60%
2 - 0% - 40%
44 Forward
1 - 67% - 60% - 3:22
2 - 33% - 40% - 1:38
44 Defense
1 - 53% - 60% - 2:40
2 - 47% - 40% - 2:20
Last Minute Offensive  - 0:00
Last Minute Defensive  - 0:00
Total
Forward - 65:00
Defense - 65:00

% Time on Ice - Islanders

Lines # - Real PCT - Wanted PCT - Time Play
Normal Forward
1 - 34% - 35% - 16:56
2 - 32% - 30% - 15:56
3 - 19% - 20% - 9:14
4 - 15% - 15% - 7:27
Normal Defense
1 - 34% - 35% - 16:56
2 - 36% - 35% - 17:53
3 - 27% - 20% - 13:24
4 - 3% - 10% - 1:20
PP Forward
1 - 40% - 60% - 0:48
2 - 60% - 40% - 1:11
PP Defense
1 - 76% - 60% - 1:30
2 - 24% - 40% - 0:29
PK Forward
1 - 67% - 60% - 5:41
2 - 33% - 40% - 2:47
PK Defense
1 - 62% - 60% - 5:13
2 - 38% - 40% - 3:15
PK3 Forward
1 - 0% - 60%
2 - 0% - 40%
PK3 Defense
1 - 0% - 60%
2 - 0% - 40%
44 Forward
1 - 79% - 60% - 3:58
2 - 21% - 40% - 1:02
44 Defense
1 - 56% - 60% - 2:49
2 - 44% - 40% - 2:11
Last Minute Offensive  - 0:00
Last Minute Defensive  - 0:00
Total
Forward - 65:00
Defense - 65:00

Play by Play

1st period


0:01 of 1st period - Josh Jooris wins face-off versus Zemgus Girgensons in neutral zone.
0:16 of 1st period - Shot by Josh Jooris.
0:16 of 1st period - Stopped by Brian Elliott without a rebound.
0:17 of 1st period - Tomas Tatar wins face-off versus Casey Cizikas in Rangers zone.
0:23 of 1st period - Off-side.
0:24 of 1st period - Sean Couturier wins face-off versus Ryan Garbutt in neutral zone.
0:59 of 1st period - Shot by Nathan Gerbe.
0:59 of 1st period - Shot Blocked by Anton Volchenkov.
1:01 of 1st period - Shot by Nathan Gerbe.
1:01 of 1st period - Stopped by Brian Elliott without a rebound.
1:02 of 1st period - Tomas Tatar wins face-off versus Casey Cizikas in Rangers zone.
1:09 of 1st period - Shot by Tyler Ennis.
1:09 of 1st period - Stopped by Braden Holtby without a rebound.
1:10 of 1st period - David Legwand wins face-off versus Zemgus Girgensons in Islanders zone.
1:31 of 1st period - Shot by Mikael Backlund.
1:31 of 1st period - Stopped by Braden Holtby without a rebound.
1:32 of 1st period - Josh Jooris wins face-off versus Tyler Ennis in Islanders zone.
1:32 of 1st period - Josh Jooris is hit by Tomas Tatar.
2:09 of 1st period - Shot by Colin Wilson.
2:09 of 1st period - Shot Misses the Net.
2:43 of 1st period - Shot by Mikael Backlund.
2:43 of 1st period - Shot Misses the Net.
2:45 of 1st period - Shot by Zemgus Girgensons.
2:45 of 1st period - Stopped by Braden Holtby without a rebound.
2:46 of 1st period - Casey Cizikas wins face-off versus Cedric Paquette in Islanders zone.
2:53 of 1st period - Shot by Casey Cizikas.
2:53 of 1st period - Stopped by Brian Elliott without a rebound.
2:54 of 1st period - Zemgus Girgensons wins face-off versus Casey Cizikas in Rangers zone.
2:59 of 1st period - Shot by Alex Goligoski.
2:59 of 1st period - Stopped by Braden Holtby without a rebound.
3:00 of 1st period - Zemgus Girgensons wins face-off versus Casey Cizikas in Islanders zone.
3:00 of 1st period - Zemgus Girgensons is hit by Josh Manson.
3:25 of 1st period - Zemgus Girgensons is hit by Josh Manson and loses puck.
3:29 of 1st period - Icing by Casey Cizikas.
3:30 of 1st period - Casey Cizikas wins face-off versus Cedric Paquette in Islanders zone.
3:37 of 1st period - Shot by Cedric Paquette.
3:37 of 1st period - Stopped by Braden Holtby with a rebound.
3:48 of 1st period - Icing by Josh Manson.
3:49 of 1st period - Sean Couturier wins face-off versus Casey Cizikas in Islanders zone.
4:06 of 1st period - Shot by Sean Couturier.
4:06 of 1st period - Stopped by Braden Holtby without a rebound.
4:07 of 1st period - Zemgus Girgensons wins face-off versus David Legwand in Islanders zone.
4:19 of 1st period - Shot by Mikael Backlund.
4:19 of 1st period - Stopped by Braden Holtby without a rebound.
4:20 of 1st period - Tomas Tatar wins face-off versus Ryan Garbutt in Islanders zone.
4:35 of 1st period - Shot by Nathan Gerbe.
4:35 of 1st period - Deflect By Erik Condra.
4:35 of 1st period - Stopped by Brian Elliott without a rebound.
4:36 of 1st period - David Legwand wins face-off versus Zemgus Girgensons in Rangers zone.
4:36 of 1st period - Dan Hamhuis is hit by Karl Alzner and loses puck.
4:44 of 1st period - Minor Penalty to Nate Thompson for Interference.
4:45 of 1st period - Colin Wilson wins face-off versus Tyler Ennis in Islanders zone.
5:31 of 1st period - Icing by Kris Russell.
5:32 of 1st period - Jaromir Jagr wins face-off versus Nathan Gerbe in Rangers zone.
5:36 of 1st period - Icing by Tyler Ennis.
5:37 of 1st period - David Legwand wins face-off versus Zemgus Girgensons in Rangers zone.
5:40 of 1st period - Shot by Nathan Gerbe.
5:40 of 1st period - Shot Blocked by Alex Goligoski.
6:37 of 1st period - Shot by Benoit Pouliot.
6:37 of 1st period - Stopped by Braden Holtby without a rebound.
6:38 of 1st period - David Legwand wins face-off versus Jaromir Jagr in Islanders zone.
6:52 of 1st period - Icing by Dennis Seidenberg.
6:53 of 1st period - Casey Cizikas wins face-off versus Lance Bouma in Islanders zone.
7:00 of 1st period - Shot by Cedric Paquette.
7:00 of 1st period - Stopped by Braden Holtby without a rebound.
7:01 of 1st period - Josh Jooris wins face-off versus Zemgus Girgensons in Islanders zone.
7:23 of 1st period - Mikael Backlund is hit by Josh Manson and loses puck.
8:07 of 1st period - Shot by Karl Alzner.
8:07 of 1st period - Stopped by Braden Holtby without a rebound.
8:08 of 1st period - Casey Cizikas wins face-off versus Tomas Tatar in Islanders zone.
8:08 of 1st period - Dan Hamhuis is hit by Tyler Ennis and loses puck.
8:29 of 1st period - Shot by Shawn Horcoff.
8:29 of 1st period - Shot Misses the Net.
8:41 of 1st period - Shot by Casey Cizikas.
8:41 of 1st period - Deflect By Shawn Horcoff.
8:41 of 1st period - Shot Misses the Net.
8:43 of 1st period - Shot by Brian Lashoff.
8:43 of 1st period - Shot Misses the Net.
8:45 of 1st period - Shot by Brian Lashoff.
8:45 of 1st period - Stopped by Brian Elliott without a rebound.
8:46 of 1st period - David Legwand wins face-off versus Sean Couturier in Rangers zone.
8:58 of 1st period - Icing by Niklas Hjalmarsson.
8:59 of 1st period - Cedric Paquette wins face-off versus David Legwand in Islanders zone.
9:53 of 1st period - Icing by Niklas Hjalmarsson.
9:54 of 1st period - David Legwand wins face-off versus Zemgus Girgensons in Islanders zone.
10:03 of 1st period - Shot by Zemgus Girgensons.
10:03 of 1st period - Shot Misses the Net.
10:05 of 1st period - Shot by Kris Russell.
10:05 of 1st period - Stopped by Braden Holtby without a rebound.
10:06 of 1st period - Josh Jooris wins face-off versus Sean Couturier in Islanders zone.
10:06 of 1st period - Dan Hamhuis is hit by Brad Richards and loses puck.
10:17 of 1st period - Shot by Matt Moulson.
10:17 of 1st period - Stopped by Brian Elliott without a rebound.
10:18 of 1st period - Ryan Garbutt wins face-off versus Jaromir Jagr in Rangers zone.
10:49 of 1st period - Shot by Erik Condra.
10:49 of 1st period - Shot Blocked by Karl Alzner.
10:51 of 1st period - Shot by Dan Hamhuis.
10:51 of 1st period - Shot Blocked by Karl Alzner.
12:21 of 1st period - Shot by Sean Couturier.
12:21 of 1st period - Shot Misses the Net.
12:23 of 1st period - Shot by Eric Brewer.
12:23 of 1st period - Shot Misses the Net.
12:54 of 1st period - Chris Terry is hit by Anton Volchenkov and loses puck.
13:47 of 1st period - Niklas Hjalmarsson is hit by David Jones.
14:11 of 1st period - Shot by Erik Condra.
14:11 of 1st period - Stopped by Brian Elliott with a rebound.
14:19 of 1st period - Shot by Erik Condra.
14:19 of 1st period - Shot Hit the Post.
14:21 of 1st period - Shot by Erik Condra.
14:21 of 1st period - Shot Misses the Net.
14:23 of 1st period - Shot by Brian Lashoff.
14:23 of 1st period - Stopped by Brian Elliott without a rebound.
14:24 of 1st period - Zemgus Girgensons wins face-off versus David Legwand in Rangers zone.
14:37 of 1st period - Shot by Jaromir Jagr.
14:37 of 1st period - Stopped by Braden Holtby without a rebound.
14:38 of 1st period - Ryan Garbutt wins face-off versus Tomas Tatar in Islanders zone.
14:38 of 1st period - Andy Greene is hit by Tomas Tatar and loses puck.
14:50 of 1st period - Shot by Tomas Tatar.
14:50 of 1st period - Stopped by Braden Holtby without a rebound.
14:51 of 1st period - David Legwand wins face-off versus Zemgus Girgensons in Islanders zone.
15:23 of 1st period - Shot by Jaromir Jagr.
15:23 of 1st period - Shot Blocked by Nate Thompson.
15:48 of 1st period - Icing by Brian Lashoff.
15:49 of 1st period - Tomas Tatar wins face-off versus David Legwand in Islanders zone.
16:07 of 1st period - Icing by Eric Brewer.
16:08 of 1st period - Josh Jooris wins face-off versus Tomas Tatar in Rangers zone.
16:17 of 1st period - Shot by Josh Jooris.
16:17 of 1st period - Stopped by Brian Elliott without a rebound.
16:18 of 1st period - Casey Cizikas wins face-off versus Sean Couturier in Rangers zone.
16:18 of 1st period - Dennis Seidenberg is hit by Karl Alzner and loses puck.
16:53 of 1st period - Kris Russell is hit by Shawn Horcoff and loses puck.
17:26 of 1st period - Off-side.
17:27 of 1st period - Josh Jooris wins face-off versus Tomas Tatar in neutral zone.
17:38 of 1st period - Shot by Tomas Tatar.
17:38 of 1st period - Shot Misses the Net.
17:52 of 1st period - Icing by Eric Brewer.
17:53 of 1st period - Tomas Tatar wins face-off versus Ryan Garbutt in Rangers zone.
17:53 of 1st period - Tomas Tatar is hit by Ryan Garbutt.
18:09 of 1st period - Tyler Ennis is hit by Dan Hamhuis and loses puck.
18:25 of 1st period - Icing by Dan Hamhuis.
18:26 of 1st period - Zemgus Girgensons wins face-off versus Ryan Garbutt in Islanders zone.
18:26 of 1st period - Zemgus Girgensons is hit by Dan Hamhuis.
19:06 of 1st period - Shot by Mikael Backlund.
19:06 of 1st period - Stopped by Braden Holtby without a rebound.
19:07 of 1st period - Matt Moulson wins face-off versus Sean Couturier in Islanders zone.
19:32 of 1st period - Shot by Sean Couturier.
19:32 of 1st period - Stopped by Braden Holtby without a rebound.
19:33 of 1st period - Casey Cizikas wins face-off versus Craig Smith in Islanders zone.
19:33 of 1st period - Shawn Horcoff is hit by Tomas Tatar and loses puck.
19:39 of 1st period - Icing by Dennis Seidenberg.
19:40 of 1st period - Casey Cizikas wins face-off versus Zemgus Girgensons in Islanders zone.
19:45 of 1st period - Shot by Shawn Horcoff.
19:45 of 1st period - Stopped by Brian Elliott without a rebound.
19:46 of 1st period - Zemgus Girgensons wins face-off versus Josh Jooris in Rangers zone.
Goals for this period are 0 for Rangers vs 0 for Islanders.
Shots for this period are 15 for Rangers vs 10 for Islanders.

2nd period


0:01 of 2nd period - Mikael Backlund wins face-off versus Josh Jooris in neutral zone.
0:58 of 2nd period - Josh Manson is hit by Karl Alzner and loses puck.
1:04 of 2nd period - Minor Penalty to Josh Jooris for Tripping.
1:05 of 2nd period - David Legwand wins face-off versus Tomas Tatar in Islanders zone.
1:05 of 2nd period - David Legwand is hit by Benoit Pouliot.
1:24 of 2nd period - Shot by Erik Condra.
1:24 of 2nd period - Stopped by Brian Elliott without a rebound.
1:25 of 2nd period - Colin Wilson wins face-off versus Zemgus Girgensons in Rangers zone.
1:32 of 2nd period - Shot by Tyler Ennis.
1:32 of 2nd period - Shot Misses the Net.
1:34 of 2nd period - Shot by Chris Tanev.
1:34 of 2nd period - Shot Blocked by Dennis Seidenberg.
1:36 of 2nd period - Shot by Chris Tanev.
1:36 of 2nd period - Deflect By Jaromir Jagr.
1:36 of 2nd period - Goal by Jaromir Jagr - Rangers : 1 - Islanders : 0.
1:37 of 2nd period - Sean Couturier wins face-off versus Casey Cizikas in neutral zone.
1:37 of 2nd period - Minor Penalty to Casey Cizikas for Interference.
1:38 of 2nd period - Colin Wilson wins face-off versus Tomas Tatar in Islanders zone.
1:48 of 2nd period - Off-side.
1:49 of 2nd period - Zemgus Girgensons wins face-off versus Colin Wilson in neutral zone.
1:54 of 2nd period - Shot by Chris Tanev.
1:54 of 2nd period - Stopped by Braden Holtby with a rebound.
2:20 of 2nd period - Shot by Tyler Ennis.
2:20 of 2nd period - Stopped by Braden Holtby with a rebound.
2:22 of 2nd period - Shot by Eric Brewer.
2:22 of 2nd period - Stopped by Braden Holtby with a rebound.
2:26 of 2nd period - Shot by Eric Brewer.
2:26 of 2nd period - Stopped by Braden Holtby without a rebound.
2:27 of 2nd period - Tomas Tatar wins face-off versus Nate Thompson in Islanders zone.
3:00 of 2nd period - Shot by Kris Russell.
3:00 of 2nd period - Stopped by Braden Holtby with a rebound.
3:21 of 2nd period - Craig Smith is hit by Dan Hamhuis and loses puck.
3:58 of 2nd period - Eric Brewer is hit by Casey Cizikas and loses puck.
6:15 of 2nd period - Icing by Josh Manson.
6:16 of 2nd period - Casey Cizikas wins face-off versus Tomas Tatar in Islanders zone.
6:40 of 2nd period - Icing by Josh Manson.
6:41 of 2nd period - Cedric Paquette wins face-off versus Casey Cizikas in Islanders zone.
7:24 of 2nd period - Shot by Nathan Gerbe.
7:24 of 2nd period - Shot Misses the Net.
7:26 of 2nd period - Shot by Andy Greene.
7:26 of 2nd period - Goal by Andy Greene - Rangers : 1 - Islanders : 1.
7:27 of 2nd period - Tomas Tatar wins face-off versus Josh Jooris in neutral zone.
7:36 of 2nd period - Icing by Matt Moulson.
7:37 of 2nd period - Zemgus Girgensons wins face-off versus Josh Jooris in Islanders zone.
7:40 of 2nd period - Shot by Mikael Backlund.
7:40 of 2nd period - Shot Misses the Net.
8:27 of 2nd period - Colin Wilson is hit by Zemgus Girgensons.
8:28 of 2nd period - Icing by Colin Wilson.
8:29 of 2nd period - Josh Jooris wins face-off versus Tomas Tatar in Islanders zone.
8:29 of 2nd period - Josh Jooris is hit by Craig Smith.
8:47 of 2nd period - Dan Hamhuis is hit by Tomas Tatar and loses puck.
9:07 of 2nd period - Icing by Anton Volchenkov.
9:08 of 2nd period - Tomas Tatar wins face-off versus Casey Cizikas in Rangers zone.
9:59 of 2nd period - Icing by Chris Tanev.
10:00 of 2nd period - Sean Couturier wins face-off versus Ryan Garbutt in Rangers zone.
10:57 of 2nd period - Shot by David Booth.
10:57 of 2nd period - Shot Misses the Net.
11:03 of 2nd period - Shot by Nate Thompson.
11:03 of 2nd period - Goal by Nate Thompson - Rangers : 1 - Islanders : 2.
11:04 of 2nd period - Casey Cizikas wins face-off versus Mikael Backlund in neutral zone.
11:28 of 2nd period - Shot by Shawn Horcoff.
11:28 of 2nd period - Shot Misses the Net.
11:35 of 2nd period - Off-side.
11:36 of 2nd period - Tomas Tatar wins face-off versus Josh Jooris in neutral zone.
11:55 of 2nd period - Matt Moulson is hit by Eric Brewer and loses puck.
12:01 of 2nd period - Off-side.
12:02 of 2nd period - Zemgus Girgensons wins face-off versus Ryan Garbutt in neutral zone.
12:09 of 2nd period - Shot by Mikael Backlund.
12:09 of 2nd period - Goal by Mikael Backlund - Rangers : 2 - Islanders : 2.
12:10 of 2nd period - Zemgus Girgensons wins face-off versus Casey Cizikas in neutral zone.
12:12 of 2nd period - Minor Penalty to Casey Cizikas for Tripping.
12:13 of 2nd period - Zemgus Girgensons wins face-off versus Colin Wilson in Islanders zone.
12:18 of 2nd period - Shot by Alex Goligoski.
12:18 of 2nd period - Shot Blocked by Dennis Seidenberg.
12:20 of 2nd period - Shot by Alex Goligoski.
12:20 of 2nd period - Shot Misses the Net.
12:22 of 2nd period - Shot by Kris Russell.
12:22 of 2nd period - Shot Blocked by Andy Greene.
12:24 of 2nd period - Shot by Zemgus Girgensons.
12:24 of 2nd period - Shot Misses the Net.
12:26 of 2nd period - Shot by Zemgus Girgensons.
12:26 of 2nd period - Shot Misses the Net.
12:28 of 2nd period - Shot by Zemgus Girgensons.
12:28 of 2nd period - Stopped by Braden Holtby without a rebound.
12:29 of 2nd period - Tomas Tatar wins face-off versus Colin Wilson in Islanders zone.
12:48 of 2nd period - Shot by Tomas Tatar.
12:48 of 2nd period - Shot Misses the Net.
12:50 of 2nd period - Shot by Tomas Tatar.
12:50 of 2nd period - Deflect By Craig Smith.
12:50 of 2nd period - Shot Blocked by Andy Greene.
12:52 of 2nd period - Shot by Benoit Pouliot.
12:52 of 2nd period - Stopped by Braden Holtby with a rebound.
13:02 of 2nd period - Shot by Tomas Tatar.
13:02 of 2nd period - Stopped by Braden Holtby without a rebound.
13:03 of 2nd period - Zemgus Girgensons wins face-off versus Nate Thompson in Islanders zone.
13:26 of 2nd period - Shot by Alex Goligoski.
13:26 of 2nd period - Shot Misses the Net.
14:30 of 2nd period - Icing by Shawn Horcoff.
14:31 of 2nd period - Benoit Pouliot wins face-off versus Casey Cizikas in Islanders zone.
14:31 of 2nd period - Minor Penalty to Josh Manson for Interference.
14:32 of 2nd period - Nate Thompson wins face-off versus Tomas Tatar in Islanders zone.
14:32 of 2nd period - Nate Thompson is hit by Benoit Pouliot.
14:44 of 2nd period - Shot by Alex Goligoski.
14:44 of 2nd period - Shot Misses the Net.
15:00 of 2nd period - Shot by Benoit Pouliot.
15:00 of 2nd period - Stopped by Braden Holtby with a rebound.
15:24 of 2nd period - Icing by Zemgus Girgensons.
15:25 of 2nd period - Zemgus Girgensons wins face-off versus Nate Thompson in Rangers zone.
15:31 of 2nd period - Off-side.
15:32 of 2nd period - Zemgus Girgensons wins face-off versus Nate Thompson in neutral zone.
15:32 of 2nd period - Chris Tanev is hit by Nate Thompson and loses puck.
15:40 of 2nd period - Icing by Tyler Ennis.
15:41 of 2nd period - Nate Thompson wins face-off versus Zemgus Girgensons in Rangers zone.
15:46 of 2nd period - Shot by Nathan Gerbe.
15:46 of 2nd period - Shot Misses the Net.
15:51 of 2nd period - Icing by Eric Brewer.
15:52 of 2nd period - Colin Wilson wins face-off versus Zemgus Girgensons in Rangers zone.
16:23 of 2nd period - Chris Tanev is hit by Dan Hamhuis and loses puck.
16:47 of 2nd period - Shot by Shawn Horcoff.
16:47 of 2nd period - Shot Misses the Net.
16:50 of 2nd period - Icing by Kris Russell.
16:51 of 2nd period - Sean Couturier wins face-off versus David Legwand in Rangers zone.
16:51 of 2nd period - Sean Couturier is hit by Nate Thompson.
17:12 of 2nd period - Icing by Andy Greene.
17:13 of 2nd period - Tyler Ennis wins face-off versus David Legwand in Islanders zone.
17:34 of 2nd period - Icing by Craig Smith.
17:35 of 2nd period - Tomas Tatar wins face-off versus Josh Jooris in Rangers zone.
18:40 of 2nd period - Icing by Kris Russell.
18:41 of 2nd period - Casey Cizikas wins face-off versus Zemgus Girgensons in Rangers zone.
18:58 of 2nd period - Shot by Casey Cizikas.
18:58 of 2nd period - Shot Blocked by Kris Russell.
19:00 of 2nd period - Shot by Andy Greene.
19:00 of 2nd period - Shot Blocked by Karl Alzner.
19:02 of 2nd period - Shot by Casey Cizikas.
19:02 of 2nd period - Shot Misses the Net.
19:04 of 2nd period - Shot by Dennis Seidenberg.
19:04 of 2nd period - Stopped by Brian Elliott without a rebound.
19:05 of 2nd period - Brad Richards wins face-off versus Ryan Garbutt in Rangers zone.
19:26 of 2nd period - Shot by Ryan Garbutt.
19:26 of 2nd period - Stopped by Brian Elliott without a rebound.
19:27 of 2nd period - Casey Cizikas wins face-off versus Tomas Tatar in Rangers zone.
19:28 of 2nd period - Shot by Shawn Horcoff.
19:28 of 2nd period - Shot Misses the Net.
19:35 of 2nd period - Icing by Chris Tanev.
19:36 of 2nd period - Josh Jooris wins face-off versus Tomas Tatar in Rangers zone.
19:42 of 2nd period - Matt Moulson is hit by Alex Goligoski and loses puck.
19:47 of 2nd period - Shot by Josh Jooris.
19:47 of 2nd period - Shot Misses the Net.
19:49 of 2nd period - Shot by Andy Greene.
19:49 of 2nd period - Stopped by Brian Elliott without a rebound.
19:50 of 2nd period - Casey Cizikas wins face-off versus Zemgus Girgensons in Rangers zone.
19:50 of 2nd period - Casey Cizikas is hit by Karl Alzner.
Goals for this period are 2 for Rangers vs 2 for Islanders.
Shots for this period are 11 for Rangers vs 6 for Islanders.

3rd period


0:01 of 3rd period - Josh Jooris wins face-off versus Zemgus Girgensons in neutral zone.
0:16 of 3rd period - Icing by Andy Greene.
0:17 of 3rd period - Colin Wilson wins face-off versus Tyler Ennis in Islanders zone.
0:21 of 3rd period - Minor Penalty to Karl Alzner for Hooking.
0:22 of 3rd period - Sean Couturier wins face-off versus Casey Cizikas in Rangers zone.
1:17 of 3rd period - Shot by Mikael Backlund.
1:17 of 3rd period - Stopped by Braden Holtby without a rebound.
1:18 of 3rd period - Lance Bouma wins face-off versus Colin Wilson in Islanders zone.
1:36 of 3rd period - Shot by Colin Wilson.
1:36 of 3rd period - Shot Blocked by Chris Tanev.
1:38 of 3rd period - Shot by Dan Hamhuis.
1:38 of 3rd period - Stopped by Brian Elliott without a rebound.
1:39 of 3rd period - Lance Bouma wins face-off versus Colin Wilson in Rangers zone.
1:46 of 3rd period - Icing by Andy Greene.
1:47 of 3rd period - Sean Couturier wins face-off versus Colin Wilson in Islanders zone.
2:19 of 3rd period - Shot by Erik Condra.
2:19 of 3rd period - Deflect By Josh Jooris.
2:19 of 3rd period - Shot Misses the Net.
2:21 of 3rd period - Shot by Josh Jooris.
2:21 of 3rd period - Stopped by Brian Elliott without a rebound.
2:22 of 3rd period - Craig Smith wins face-off versus Casey Cizikas in Rangers zone.
2:35 of 3rd period - Shot by Craig Smith.
2:35 of 3rd period - Shot Misses the Net.
2:37 of 3rd period - Shot by Tomas Tatar.
2:37 of 3rd period - Stopped by Braden Holtby with a rebound.
2:53 of 3rd period - Shot by Craig Smith.
2:53 of 3rd period - Stopped by Braden Holtby with a rebound.
2:55 of 3rd period - Shot by Kris Russell.
2:55 of 3rd period - Shot Misses the Net.
3:03 of 3rd period - Shot by Craig Smith.
3:03 of 3rd period - Stopped by Braden Holtby without a rebound.
3:04 of 3rd period - David Legwand wins face-off versus Cedric Paquette in Islanders zone.
3:08 of 3rd period - Off-side.
3:09 of 3rd period - Zemgus Girgensons wins face-off versus Josh Jooris in neutral zone.
3:22 of 3rd period - Shot by Colin Wilson.
3:22 of 3rd period - Shot Misses the Net.
3:24 of 3rd period - Shot by Andy Greene.
3:24 of 3rd period - Stopped by Brian Elliott with a rebound.
3:28 of 3rd period - Shot by Colin Wilson.
3:28 of 3rd period - Deflect By Josh Jooris.
3:28 of 3rd period - Stopped by Brian Elliott without a rebound.
3:29 of 3rd period - Sean Couturier wins face-off versus Ryan Garbutt in Rangers zone.
3:38 of 3rd period - Shot by Benoit Pouliot.
3:38 of 3rd period - Stopped by Braden Holtby without a rebound.
3:39 of 3rd period - Zemgus Girgensons wins face-off versus Josh Jooris in Islanders zone.
3:42 of 3rd period - Shot by Mikael Backlund.
3:42 of 3rd period - Stopped by Braden Holtby without a rebound.
3:43 of 3rd period - Zemgus Girgensons wins face-off versus Josh Jooris in Islanders zone.
3:47 of 3rd period - Icing by Josh Jooris.
3:48 of 3rd period - Josh Jooris wins face-off versus Zemgus Girgensons in Islanders zone.
3:50 of 3rd period - Icing by Andy Greene.
3:51 of 3rd period - Zemgus Girgensons wins face-off versus Josh Jooris in Islanders zone.
4:06 of 3rd period - Shot by Colin Wilson.
4:06 of 3rd period - Stopped by Brian Elliott without a rebound.
4:07 of 3rd period - Tomas Tatar wins face-off versus Chris Terry in Rangers zone.
4:37 of 3rd period - Shawn Horcoff is hit by Karl Alzner and loses puck.
5:00 of 3rd period - Shot by Matt Moulson.
5:00 of 3rd period - Stopped by Brian Elliott without a rebound.
5:01 of 3rd period - Jaromir Jagr wins face-off versus Josh Jooris in Rangers zone.
5:01 of 3rd period - Jaromir Jagr is hit by Josh Jooris.
5:20 of 3rd period - Shot by Josh Jooris.
5:20 of 3rd period - Stopped by Brian Elliott without a rebound.
5:21 of 3rd period - Sean Couturier wins face-off versus Ryan Garbutt in Rangers zone.
5:26 of 3rd period - Shot by Benoit Pouliot.
5:26 of 3rd period - Shot Blocked by Dan Hamhuis.
6:27 of 3rd period - Shot by Dennis Seidenberg.
6:27 of 3rd period - Shot Misses the Net.
6:29 of 3rd period - Shot by Dennis Seidenberg.
6:29 of 3rd period - Shot Blocked by Mikael Backlund.
6:33 of 3rd period - Shot by Matt Moulson.
6:33 of 3rd period - Shot Misses the Net.
6:41 of 3rd period - Shot by Colin Wilson.
6:41 of 3rd period - Stopped by Brian Elliott without a rebound.
6:42 of 3rd period - Casey Cizikas wins face-off versus Tomas Tatar in Rangers zone.
6:45 of 3rd period - Shot by Shawn Horcoff.
6:45 of 3rd period - Stopped by Brian Elliott with a rebound.
8:09 of 3rd period - Shot by Matt Moulson.
8:09 of 3rd period - Shot Misses the Net.
8:11 of 3rd period - Shot by Andy Greene.
8:11 of 3rd period - Stopped by Brian Elliott without a rebound.
8:12 of 3rd period - Ryan Garbutt wins face-off versus Sean Couturier in Rangers zone.
8:12 of 3rd period - Erik Condra is hit by Eric Brewer and loses puck.
9:14 of 3rd period - Icing by Mikael Backlund.
9:15 of 3rd period - Josh Jooris wins face-off versus Zemgus Girgensons in Rangers zone.
9:27 of 3rd period - Icing by Dennis Seidenberg.
9:28 of 3rd period - Matt Moulson wins face-off versus Lance Bouma in Islanders zone.
9:28 of 3rd period - Matt Moulson is hit by Lance Bouma.
9:42 of 3rd period - Shot by Matt Moulson.
9:42 of 3rd period - Stopped by Brian Elliott without a rebound.
9:43 of 3rd period - Casey Cizikas wins face-off versus Zemgus Girgensons in Rangers zone.
9:52 of 3rd period - Shot by Mikael Backlund.
9:52 of 3rd period - Shot Misses the Net.
10:48 of 3rd period - Off-side.
10:49 of 3rd period - David Legwand wins face-off versus Tomas Tatar in neutral zone.
11:28 of 3rd period - Shot by Tyler Ennis.
11:28 of 3rd period - Stopped by Braden Holtby without a rebound.
11:29 of 3rd period - Josh Jooris wins face-off versus Sean Couturier in Islanders zone.
11:42 of 3rd period - Shot by Colin Wilson.
11:42 of 3rd period - Stopped by Brian Elliott with a rebound.
11:51 of 3rd period - Benoit Pouliot is hit by Josh Jooris and loses puck.
11:52 of 3rd period - Benoit Pouliot from Rangers is injured at 11:52 of 3rd period (Right Foot).
11:53 of 3rd period - Jaromir Jagr wins face-off versus Casey Cizikas in neutral zone.
12:27 of 3rd period - Casey Cizikas is hit by Alex Goligoski and loses puck.
12:44 of 3rd period - Niklas Hjalmarsson is hit by Mikael Backlund and loses puck.
13:20 of 3rd period - Icing by Niklas Hjalmarsson.
13:21 of 3rd period - Sean Couturier wins face-off versus Casey Cizikas in Islanders zone.
13:22 of 3rd period - Shot by Anton Volchenkov.
13:22 of 3rd period - Deflect By Cedric Paquette.
13:22 of 3rd period - Goal by Cedric Paquette - Rangers : 3 - Islanders : 2.
13:23 of 3rd period - Sean Couturier wins face-off versus Josh Jooris in neutral zone.
13:25 of 3rd period - Off-side.
13:26 of 3rd period - Tomas Tatar wins face-off versus Josh Jooris in neutral zone.
13:35 of 3rd period - Shot by Colin Wilson.
13:35 of 3rd period - Stopped by Brian Elliott with a rebound.
13:37 of 3rd period - Shot by Dennis Seidenberg.
13:37 of 3rd period - Shot Misses the Net.
13:39 of 3rd period - Shot by Colin Wilson.
13:39 of 3rd period - Shot Blocked by Tyler Ennis.
13:57 of 3rd period - Shot by Colin Wilson.
13:57 of 3rd period - Shot Blocked by Karl Alzner.
13:59 of 3rd period - Shot by Andy Greene.
13:59 of 3rd period - Stopped by Brian Elliott without a rebound.
14:00 of 3rd period - Zemgus Girgensons wins face-off versus Ryan Garbutt in Rangers zone.
14:27 of 3rd period - Shot by Nathan Gerbe.
14:27 of 3rd period - Shot Misses the Net.
14:34 of 3rd period - Icing by Chris Tanev.
14:35 of 3rd period - Josh Jooris wins face-off versus Zemgus Girgensons in Rangers zone.
14:51 of 3rd period - Shot by Zemgus Girgensons.
14:51 of 3rd period - Shot Misses the Net.
14:55 of 3rd period - Shot by Alex Goligoski.
14:55 of 3rd period - Stopped by Braden Holtby without a rebound.
14:56 of 3rd period - Tomas Tatar wins face-off versus Casey Cizikas in Islanders zone.
15:04 of 3rd period - Icing by Shawn Horcoff.
15:05 of 3rd period - Tomas Tatar wins face-off versus Casey Cizikas in Islanders zone.
15:39 of 3rd period - Craig Smith is hit by Casey Cizikas and loses puck.
16:20 of 3rd period - Chris Terry is hit by Zemgus Girgensons and loses puck.
17:25 of 3rd period - Icing by Dennis Seidenberg.
17:26 of 3rd period - Josh Jooris wins face-off versus Tomas Tatar in Islanders zone.
17:51 of 3rd period - Shot by Erik Condra.
17:51 of 3rd period - Shot Blocked by Karl Alzner.
18:17 of 3rd period - Shot by Nathan Gerbe.
18:17 of 3rd period - Goal by Nathan Gerbe - Rangers : 3 - Islanders : 3.
18:18 of 3rd period - Zemgus Girgensons wins face-off versus David Legwand in neutral zone.
18:58 of 3rd period - Shot by Zemgus Girgensons.
18:58 of 3rd period - Shot Misses the Net.
19:00 of 3rd period - Shot by Zemgus Girgensons.
19:00 of 3rd period - Deflect By Mikael Backlund.
19:00 of 3rd period - Shot Misses the Net.
19:16 of 3rd period - Nate Thompson is hit by Cedric Paquette and loses puck.
Goals for this period are 1 for Rangers vs 1 for Islanders.
Shots for this period are 9 for Rangers vs 15 for Islanders.

Overtime #1


0:01 of 1st overtime period - Ryan Garbutt wins face-off versus Zemgus Girgensons in neutral zone.
0:33 of 1st overtime period - Icing by Kris Russell.
0:34 of 1st overtime period - Ryan Garbutt wins face-off versus Zemgus Girgensons in Rangers zone.
1:06 of 1st overtime period - Ryan Garbutt is hit by Jaromir Jagr and loses puck.
1:12 of 1st overtime period - Dan Hamhuis is hit by Eric Brewer and loses puck.
1:58 of 1st overtime period - Nate Thompson is hit by Eric Brewer and loses puck.
2:30 of 1st overtime period - Shot by Tomas Tatar.
2:30 of 1st overtime period - Deflect By Zemgus Girgensons.
2:30 of 1st overtime period - Stopped by Braden Holtby without a rebound.
2:31 of 1st overtime period - Ryan Garbutt wins face-off versus Zemgus Girgensons in Islanders zone.
2:48 of 1st overtime period - Shot by Dennis Seidenberg.
2:48 of 1st overtime period - Shot Misses the Net.
2:59 of 1st overtime period - Icing by Alex Goligoski.
3:00 of 1st overtime period - Nathan Gerbe wins face-off versus Zemgus Girgensons in Rangers zone.
3:49 of 1st overtime period - Shot by Jaromir Jagr.
3:49 of 1st overtime period - Shot Blocked by Josh Jooris.
3:51 of 1st overtime period - Shot by Mikael Backlund.
3:51 of 1st overtime period - Stopped by Braden Holtby without a rebound.
3:52 of 1st overtime period - Ryan Garbutt wins face-off versus Zemgus Girgensons in Islanders zone.
3:52 of 1st overtime period - Ryan Garbutt is hit by Cedric Paquette.
4:17 of 1st overtime period - Icing by Dennis Seidenberg.
4:18 of 1st overtime period - Cedric Paquette wins face-off versus Ryan Garbutt in Islanders zone.
4:33 of 1st overtime period - Shot by Cedric Paquette.
4:33 of 1st overtime period - Shot Blocked by Dennis Seidenberg.
4:35 of 1st overtime period - Shot by Cedric Paquette.
4:35 of 1st overtime period - Deflect By Tomas Tatar.
4:35 of 1st overtime period - Stopped by Braden Holtby without a rebound.
4:36 of 1st overtime period - Zemgus Girgensons wins face-off versus Ryan Garbutt in Islanders zone.
Goals for this period are 0 for Rangers vs 0 for Islanders.
Shots for this period are 3 for Rangers vs 0 for Islanders.

ShootOut


5:00 of 1st overtime period - Penalty Shot by Tomas Tatar for Rangers.
5:00 of 1st overtime period - Stopped by Braden Holtby.
5:00 of 1st overtime period - Penalty Shot by Colin Wilson for Islanders.
5:00 of 1st overtime period - Goal by Colin Wilson.
5:00 of 1st overtime period - Penalty Shot by Tyler Ennis for Rangers.
5:00 of 1st overtime period - Stopped by Braden Holtby.
5:00 of 1st overtime period - Penalty Shot by Matt Moulson for Islanders.
5:00 of 1st overtime period - Goal by Matt Moulson.